 Dungeon Crawl Stone Soup version 0.22-a0-117-g314b907 (webtiles) character file.

145 KristoblXynda the Insei (level 5, -3/46 HPs)
             Began as a Draconian Monk on Jan 29, 2018.
             Slain by Prince Ribbit (19 damage)
             ... on level 5 of the Dungeon.
             The game lasted 00:05:37 (3107 turns).

KristoblXynda the Insei (Draconian Monk)            Turns: 3107, Time: 00:05:37

Health: -3/46      AC:  6    Str: 13    XL:     5   Next: 6%
Magic:  5/5        EV: 13    Int: 11    God:
Gold:   157        SH:  0    Dex: 14    Spells: 4/4 levels left

rFire    . . .     SeeInvis .     - Unarmed
rCold    . . .     Gourm    .   (no shield)
rNeg     . . .     Faith    .   (armour unavailable)
rPois    .         Spirit   .   (helmet restricted)
rElec    .         Reflect  .   (no cloak)
rCorr    .         Harm     .   (no gloves)
MR       .....                  o - +0 pair of boots
Stlth    ++........             (no amulet)
HPRegen  0.15/turn              (no ring)
MPRegen  0.09/turn              (no ring)

@: no status effects
A: unfitting armour, cold-blooded, AC +5
a: no special abilities


You were on level 5 of the Dungeon.
You were not hungry.

You visited 1 branch of the dungeon, and saw 5 of its levels.

You collected 157 gold pieces.

Inventory:

Armour
 n - a +0 shield
 o - a +0 pair of boots (worn)
Wands
 k - a wand of polymorph (12)
Scrolls
 b - 4 scrolls of identify
 c - 3 scrolls of amnesia {unknown}
 d - 2 scrolls of immolation {unknown}
 e - 3 scrolls of remove curse
 f - a scroll of fog {unknown}
 g - a scroll of blinking {unknown}
 h - 2 scrolls of fear {unknown}
 j - a scroll of enchant armour {unknown}
 l - a scroll of teleportation {unknown}
Potions
 i - 2 potions of curing
 m - a potion of resistance
 p - a potion of lignification
Comestibles
 a - 5 rations


   Skills:
 + Level 4.2 Fighting
 + Level 3.5 Dodging
 - Level 1.7 Stealth
 * Level 4.6 Unarmed Combat


You had 4 spell levels left.
You didn't know any spells.

Dungeon Overview and Level Annotations

Branches:
Dungeon (5/15)
 Temple: D:4-7

Altars:
Fedhas
Okawaru
Xom
Yredelemnul

Annotations:
D:4 tsouns's ghost, amateur NaFi
D:5 Prince Ribbit


Innate Abilities, Weirdness & Mutations

Your plain brown scales are hard. (AC +5)
You cannot fit into any form of body armour.
You are cold-blooded and may be slowed by cold attacks.


Message History

Prince Ribbit is severely wounded.
Prince Ribbit hits you!
You barely miss Prince Ribbit.
Prince Ribbit is severely wounded.
Prince Ribbit blinks!
Prince Ribbit blinks!
Prince Ribbit blinks!
Prince Ribbit blinks!
Prince Ribbit blinks!
Prince Ribbit hits you.
You hit Prince Ribbit but do no damage.
Prince Ribbit is heavily wounded.
Prince Ribbit blinks!
Prince Ribbit blinks!
You hit Prince Ribbit.
Prince Ribbit is severely wounded.
Prince Ribbit barely misses you.
Prince Ribbit blinks!
Prince Ribbit croaks regally.
Prince Ribbit hits you!!
You die...

.... ### .... ....
..... .....
......#####+#.....
..................
..................
.............#
.............#
.........@...+
.........F...#
.............#
######.......#
....# #.......#
#....#
#.......#+####
#..<.#
#............#
.....#
#............#
.....#+##
#............#


You could see Prince Ribbit.

Vanquished Creatures
  An iguana (D:5)
  6 adders
  2 worms (D:2)
  2 dart slugs
  A leopard gecko (D:5)
  An orc (D:3)
  2 ball pythons
  6 bats
  2 giant cockroaches
  11 goblins
  9 hobgoblins
  4 frilled lizards
  6 kobolds
  4 rats
57 creatures vanquished.

Notes
Turn   | Place    | Note
-------+----------+-------------------------------------------
     0 | D:1      | KristoblXynda the Draconian Monk began the quest for the Orb.
     0 | D:1      | Reached XP level 1. HP: 19/19 MP: 1/1
   203 | D:1      | Reached XP level 2. HP: 23/26 MP: 2/2
   861 | D:2      | Reached XP level 3. HP: 28/33 MP: 3/3
  1235 | D:2      | Found a blossoming altar of Fedhas.
  1383 | D:2      | Found a shimmering altar of Xom.
  1412 | D:2      | Reached XP level 4. HP: 36/40 MP: 4/4
  1988 | D:3      | Found an iron altar of Okawaru.
  2241 | D:3      | Found a basalt altar of Yredelemnul.
  2661 | D:4      | Noticed tsouns's ghost (amateur NaFi)
  2697 | D:5      | Entered Level 5 of the Dungeon
  2792 | D:5      | Reached XP level 5. HP: 20/46 MP: 5/5
  3076 | D:5      | Noticed Prince Ribbit
  3107 | D:5      | Slain by Prince Ribbit

Vault maps used:
D:1:      matt_arrival_los_fun
D:2:      old_standard_altar, first_ration, lemuel_tele_altar
D:3:      yredelemnul_altar_generic, okawaru_trees_1
D:4:      lemuel_temple_firewalk_b, uniq_natasha, uniq_sigmund, uniq_edmund
D:5:      uniq_prince_ribbit1

Skill      XL: |  1  2  3  4 |
---------------+-------------+-----
Dodging        | 3 |  3.5
Unarmed Combat | 4 |  4.6
Fighting       | 4 |  4.2
Stealth        | |  1.7

Action                   |  1- 3 |  4- 6 || total
-------------------------+-------+-------++-------
Melee: Unarmed           |   143 |    73 ||   216
       Tailslap          |    13 |     7 ||    20
       Punch             |     3 |     1 ||     4
  Use: Scroll            |       |     4 ||     4
       Potion            |       |     1 ||     1
 Stab: Sleeping          |     2 |     5 ||     7
  Eat: Chunk             |     2 |     3 ||     5
       Ration            |       |     1 ||     1
Armor: Skin              |    32 |    12 ||    44
Dodge: Dodged            |    87 |    31 ||   118

Table legend:
 A = Spawn XP
 B = Non-spawn XP
 C = Spawn XP percentage of total XP
 D = Spawn monster count
 E = Non-spawn monster count
 F = Spawn count percentage of total count
 G = Total turns spent on level
                    A         B        C        D         E        F      G
               +---------+---------+-------+---------+---------+-------+---------
         Total |       0 |     208 |   0.0 |       0 |      57 |   0.0 |  3107
               +---------+---------+-------+---------+---------+-------+---------
           D:1 |       0 |      31 |   0.0 |       0 |      18 |   0.0 |   817
           D:2 |       0 |      93 |   0.0 |       0 |      25 |   0.0 |   991
           D:3 |       0 |      33 |   0.0 |       0 |      11 |   0.0 |   813
           D:5 |       0 |      51 |   0.0 |       0 |       3 |   0.0 |   410
               +---------+---------+-------+---------+---------+-------+---------
